 Dungeon Crawl Stone Soup version 0.30.0-19-g36f170ea60 (webtiles) character file.

Game seed: 8412274475885509232

176 IndexError the Caller (level 5, -9/35 (38) HPs)
             Began as a Demigod Summoner on May 29, 2023.
             Mangled by a hell rat (18 damage)
             ... in a sewer.
             The game lasted 00:05:44 (3287 turns).

IndexError the Caller (Demigod Summoner)            Turns: 3287, Time: 00:05:45

HP:   -9/35 (38)    AC:  3    Str:  9    XL:     5   Next: 8%
MP:   22/22         EV: 12    Int: 21    God:
Gold: 157           SH:  0    Dex: 14    Spells: 4/10 levels left

rFire   . . .        d - +0 spear
rCold   . . .        (no shield)
rNeg    . . .        a - +0 robe
rPois   .            o - +0 helmet
rElec   .            (no cloak)
rCorr   .            (no gloves)
SInv    .            (no boots)
Will    .....        (no amulet)
Stlth   ++           m - ring of magical power {MP+9}
HPRegen 0.25/turn    (no ring)
MPRegen 0.18/turn

%: no passive effects
@: drained
A: high MP 1, forlorn, divine attributes
a: no special abilities


You were in a sewer.
You visited 1 branch of the dungeon, and saw 4 of its levels.
You also visited: Sewer.

You collected 157 gold pieces.

Inventory:

Hand Weapons
 d - a +0 spear (weapon)
   (You took it off a gnoll on level 1 of the Dungeon)
Missiles
 k - 8 javelins
 y - 2 throwing nets {=f, !d}
Armour
 a - a +0 robe (worn)
 o - a +0 helmet (worn)
   (You found it on level 2 of the Dungeon)
Magical Staves
 h - a staff of conjuration {!a}
   (You found it on level 1 of the Dungeon)
Jewellery
 m - a ring of magical power (left hand) {MP+9}
   (You found it on level 2 of the Dungeon)
Scrolls
 c - 3 scrolls of fog {unknown}
 e - 4 scrolls of identify {unknown}
 f - a scroll of fear {unknown}
 l - a scroll of poison {unknown}
 p - a scroll of vulnerability {unknown}
 q - a scroll of enchant armour {unknown}
 r - a scroll of amnesia {unknown}
 s - a scroll of immolation {unknown}
 t - 2 scrolls of teleportation {unknown}
 u - a scroll of blinking {unknown}
 x - a scroll of brand weapon {unknown}
 A - a scroll of magic mapping {unknown}
Potions
 b - 2 potions of magic
 g - 2 potions of might {unknown}
 i - 2 potions of curing {unknown}
 j - 2 potions of ambrosia {unknown}
 n - a potion of haste {unknown}
 v - a potion of heal wounds {unknown}
 w - a potion of berserk rage {unknown}
 z - a potion of lignification {unknown}


   Skills:
 - Level 1.7 Dodging
 - Level 1.7 Stealth
 + Level 3.3 Spellcasting
 * Level 5.1 Summonings


You had 4 spell levels left.
You knew the following spells:

 Your Spells              Type           Power      Damage    Failure   Level
a - Summon Small Mammal   Summ           100%       N/A       1%          1
b - Call Canine Familiar  Summ           25%        N/A       4%          3
c - Call Imp              Summ           50%        N/A       2%          2

Your spell library contained the following spells:

 Spells                   Type           Power      Damage    Failure   Level
 Summon Guardian Golem    Hex/Summ       14%        N/A       14%         3
 Summon Lightning Spire   Summ/Air       14%        N/A       41%         4
 Animate Dead             Necr           3%         N/A       77%         4
 Borgnjor's Vile Clutch   Necr/Erth      1%         N/A       98%         5
 Death Channel            Necr           1%         N/A       100%        6


Dungeon Overview and Level Annotations

Branches:
Dungeon (4/15)              Sewer (1/1)
 Temple: D:4-7

Shops:
D:3 ?!(


Innate Abilities, Weirdness & Mutations

You have an increased reservoir of magic. (+10% MP)
You shall have no god before yourself.
Your divine heritage dramatically boosts your attributes as you level up.


Message History

Your cerulean imp hits the river rat from afar with a -2 spear.
The river rat closely misses you.
You barely miss the river rat.
Your cerulean imp hits the river rat from afar with a -2 spear.
What are your orders? t - Shout!
Orders for allies: a - Attack new target. r - Retreat! s - Stop attacking. g - Guard the area. f - Follow me.
Anything else - Cancel.
Gang up on whom?
Press: ? - help, Dir - move target, f - rat
Aim: a rat Attack!
Your cerulean imp barely misses the rat.
Your cerulean imp hits the rat with a -2 spear.
You swap places.
You swap places.
You see here a river rat corpse.
You enter the shallow water.
Moving in this stuff is going to be slow.
A rat comes into view.
What are your orders? t - Shout!
Orders for allies: a - Attack new target. r - Retreat! s - Stop attacking. g - Guard the area. f - Follow me.
Anything else - Cancel.
Gang up on whom?
Press: ? - help, Dir - move target, f - rat
Aim: a rat (asleep) Attack!
Your cerulean imp closely misses the rat.
The rat misses your hound.
Your cerulean imp completely misses the rat.
Your hound barely misses the rat.
The rat completely misses your hound.
Your hound splashes around in the water.
Your cerulean imp misses the rat.
The rat bites your hound.
Your hound bites the rat.
Your cerulean imp hits the rat but does no damage.
Your hound closely misses the rat.
The rat twitches its whiskers.
The rat closely misses your hound.
Your hound splashes around in the water.
Your cerulean imp barely misses the rat.
The rat barely misses your hound.
Your hound closely misses the rat.
Your cerulean imp hits the rat from afar with a -2 spear.
You open the door.
A hell rat comes into view.
The hell rat roars deafeningly!
A rat comes into view.
The hell rat moves out of view.
Found four items.
Found a gate leading back out of this place.
What are your orders? t - Shout!
Orders for allies: a - Attack new target. r - Retreat! s - Stop attacking. g - Guard the area. f - Follow me.
Anything else - Cancel.
Gang up on whom?
Press: ? - help, Dir - move target, f - rat
Aim: a rat Attack!
The rat splashes around in the water.
Your cerulean imp hits the rat from afar with a -2 spear.
The hell rat closely misses you.
You hit the hell rat. The hell rat bites you!
You take 17 damage, and have 21/38 hp.
MASSIVE DAMAGE!!
You are too injured to fight recklessly!
You are too injured to fight recklessly!
You are too injured to fight recklessly!
Cast which spell? (? or * to list)
The hell rat bites you!
* * * LOW HITPOINT WARNING * * *
You feel drained.
* * * LOW HITPOINT WARNING * * *
Your cerulean imp hits the hell rat but does no damage.
You take 12 damage, and have 9/36 hp.
MASSIVE DAMAGE!!
You now have 21/22 mp.
Casting: Summon Small Mammal (safe; 1% risk of failure)
Confirm with . or Enter, or press ? or * to list all spells.
The hell rat bites you but does no damage.
Your cerulean imp hits the hell rat but does no damage.
Your rat completely misses the hell rat.
The hell rat completely misses you.
You now have 20/22 mp.
The hell rat attacks as you move away! The hell rat barely misses you.
Your cerulean imp hits the hell rat but does no damage.
Your cerulean imp hits the hell rat but does no damage.
You see here a river rat corpse.
You enter the shallow water.
Moving in this stuff is going to be slow.
The hell rat closely misses you.
You hit the hell rat. The hell rat bites you.
* * * LOW HITPOINT WARNING * * *
You feel drained.
Your cerulean imp misses the hell rat.
You take 2 damage, and have 9/35 hp.
You closely miss the hell rat. The hell rat bites you!!
Ouch! That really hurt!
You die...

#####
###~.~###
#.~~~~..#
##..~.@.~##
#~~.###rr~#
##~~## ##rh##
#.~.# #5.~#
#.~## ##~~#
#~.# #~~#
#∩∩#∩!~~~'~~#
#.~#??~~~#~.#
#†.##?.~##~.#


You could see a hell rat (ally target), a friendly hound (summoned), a friendly
cerulean imp (summoned) and 2 friendly rats.

Vanquished Creatures
  2 worms
  A dart slug (D:3)
  An orc (D:4)
  2 ball pythons
  2 bats
  2 endoplasms (D:3)
  A hobgoblin (D:1)
  4 jackals
  2 kobolds (D:2)
  A quokka (D:4)
  3 frilled lizards
21 creatures vanquished.

Vanquished Creatures (collateral kills)
  2 iguanas (D:4)
  A gnoll (D:1)
  2 river rats (Sewer)
  3 adders
  2 dart slugs
  4 orcs
  3 endoplasms
  A giant cockroach (D:4)
  3 goblins
  A hobgoblin (D:3)
  2 jackals (D:2)
  3 kobolds
  5 rats (Sewer)
32 creatures vanquished.

Grand Total: 53 creatures vanquished

Notes
Turn   | Place    | Note
-------+----------+-------------------------------------------
     0 | D:1      | IndexError the Demigod Summoner began the quest for the
                  | Orb.
     0 | D:1      | Reached XP level 1. HP: 14/14 MP: 5/5
    69 | D:1      | Reached skill level 2 in Spellcasting
    77 | D:1      | Reached XP level 2. HP: 20/20 MP: 1/8
   247 | D:1      | Learned a level 2 spell: Call Imp
  1500 | D:2      | Reached skill level 4 in Summonings
  1500 | D:2      | Reached XP level 3. HP: 26/26 MP: 9/9
  2146 | D:3      | Found Qaade's Distillery.
  2193 | D:3      | Learned a level 3 spell: Call Canine Familiar
  2223 | D:3      | Found Cyotamekh's Antique Weapon Boutique.
  2561 | D:3      | Found Kikh's Magic Scroll Shoppe.
  2914 | D:4      | Reached skill level 3 in Spellcasting
  2914 | D:4      | Reached XP level 4. HP: 31/33 MP: 11/11
  3160 | D:4      | Found a glowing drain.
  3185 | D:4      | Reached skill level 5 in Summonings
  3191 | Sewer    | Entered a sewer
  3203 | Sewer    | Reached XP level 5. HP: 28/38 MP: 13/13
  3279 | Sewer    | HP: 9/36 [hell rat (1)]
  3286 | Sewer    | HP: 9/36 [hell rat (3)]
  3287 | Sewer    | Mangled by a hell rat

Illustrated notes

Levels and vault maps discovered:
D:1:      minmay_arrival_floating_metal, layout_basic
D:2:      layout_loops_corners, hangedman_decor_riveting
D:3:      layout_rooms, mainiacjoe_overflow_tiny_flanked, serial_shops, shop,
          shop, shop, corexii_shack, lemuel_flame_loot_1
D:4:      layout_loops_ring, vehumet_statue, zin_purify, gup_sewer_entry_glass,
          serial_shops, nicolae_shop_back_alley_shop, serial_bayou_lagoon_a
Sewer:    sewer_hellmonk_bad_rat

Skill      XL: |  1  2  3  4 |
---------------+-------------+-----
Spellcasting   | 2 3 |  3.3
Summonings     | 4 5 |  5.1
Dodging        | |  1.7
Stealth        | |  1.7

Action                     |  1- 3 |  4- 6 || total
---------------------------+-------+-------++-------
  Melee: Unarmed           |     1 |       ||     1
         Spear             |    74 |    49 ||   123
         Punch             |     1 |       ||     1
   Cast: Summon Small Mamm |    46 |    11 ||    57
         Call Imp          |     3 |     2 ||     5
         Call Canine Famil |       |     1 ||     1
   Stab: Sleeping          |     2 |       ||     2
         Distracted        |     1 |       ||     1
 Armour: Robe              |     6 |     5 ||    11
  Dodge: Dodged            |    26 |    28 ||    54

Levels and vault maps discovered:
D:1:      minmay_arrival_floating_metal, layout_basic
D:2:      layout_loops_corners, hangedman_decor_riveting
D:3:      layout_rooms, mainiacjoe_overflow_tiny_flanked, serial_shops, shop,
          shop, shop, corexii_shack, lemuel_flame_loot_1
D:4:      layout_loops_ring, vehumet_statue, zin_purify, gup_sewer_entry_glass,
          serial_shops, nicolae_shop_back_alley_shop, serial_bayou_lagoon_a
Sewer:    sewer_hellmonk_bad_rat

Table legend: (Time is in decaauts)
 A = Elapsed time spent in this place.
 B = Non-inter-level travel time spent in this place.
 C = Inter-level travel time spent in this place.
 D = Time resting spent in this place.
 E = Time spent auto-exploring this place.
 F = Levels seen in this place.
 G = Mean time per level.
                   A        B        C        D        E       F      G
               +--------+--------+--------+--------+--------+-----+--------+
         Total |   3339 |   3060 |    279 |     25 |   2461 |   5 |  667.8 |
       Dungeon |   3235 |   2956 |    279 |     25 |   2409 |   4 |  808.8 |
         Sewer |    103 |    103 |      0 |      0 |     51 |   1 |  103.0 |
               +--------+--------+--------+--------+--------+-----+--------+

Top non-repeatable levels by time:
     D:1: 1237 daAuts
     D:2: 951 daAuts
     D:3: 709 daAuts
     D:4: 336 daAuts
   Sewer: 103 daAuts

Table legend:
 A = Kills in this place as a percentage of kills in the entire game.
 B = Kills by you in this place as a percentage of kills by you in the entire game.
 C = Kills by friends in this place as a percentage of kills by friends in the entire game.
 D = Other kills in this place as a percentage of other kills in the entire game.
 E = Experience gained in this place as a percentage of experience gained in the entire game.
 F = Experience gained in this place divided by the number of levels of this place that you have seen.
                   A       B       C       D       E      F
               +-------+-------+-------+-------+-------+----------------------
         Total | 100.0 | 100.0 | 100.0 |   N/A | 100.0 |  50.4
       Dungeon |  86.8 | 100.0 |  78.1 |   N/A |  87.3 |  55.0
         Sewer |  13.2 |   0.0 |  21.9 |   N/A |  12.7 |  32.0
               +-------+-------+-------+-------+-------+----------------------
